AoeStats
← Goku Prime

Four Lakes

509284801Analyzed
1v1 RM · 6d ago on Sep 26, 2026· 67m 13s· 2 players
Game mode
Random Map
Map size
Tiny (2 player)
Population
200
Speed
Normal
Resources
Standard
Victory
Conquest
Starting age
Dark Age
Ending age
Imperial Age
RankedLock teamsTeams togetherTeam positionsShared explorationLock speedFull tech treeHidden civsTurbo modeCheats
Victory
Defeat
🇦🇺 Saxons · Australia
1085
+16
🇺🇸 Italians · United States
1085
-16
Goku Prime
9:48 Feudal Age
17:35 Castle Age
15:21 Loom
15:26 Fishing Lines
15:43 Double-Bit Axe
21:32 Squires
22:00 Horse Collar
24:18 Stone Mining
24:20 Gold Mining
27:40 Wheelbarrow
30:55 Hand Cart
32:42 Light Cavalry
33:33 Bloodlines
33:51 Town Watch
34:44 Gillnets
34:52 Gillnets
34:42 Light Cavalry
35:33 Bloodlines
35:23 Husbandry
35:49 Town Patrol
39:44 Imperial Age
37:16 Murder Holes
39:49 Gold Shaft Mining
41:57 Conscription
42:20 Bow Saw
42:02 Hussar
43:27 Guilds
46:00 Two-Man Saw
44:37 Elite Skirmisher
44:47 Onager
48:31 Heavy Plow
50:20 Pikeman
51:01 Squires
51:58 Hoardings
53:14 Crop Rotation
53:43 Halberdier
54:50 Scale Mail Armor
55:00 Forging
55:58 Chain Mail Armor
56:58 Iron Casting
56:14 Fletching
56:38 Arson
56:14 Elite Varangian Guard
58:49 Plate Mail Armor
58:25 Scale Barding Armor
58:20 Padded Archer Armor
60:56 Bodkin Arrow
61:21 Chain Barding Armor
66:05 Bracer
66:20 Leather Archer Armor
66:50 Ballistics
67:31 Chemistry
66:16 Arrowslits
Nike Nerd
11:55 Feudal Age
12:43 Fishing Lines
17:48 Castle Age
15:40 Fletching
15:57 Double-Bit Axe
15:55 Horse Collar
18:37 Gold Mining
20:05 Bow Saw
20:09 Bodkin Arrow
21:31 Wheelbarrow
21:08 Thumb Ring
21:15 Gillnets
21:19 Crossbowman
22:11 Padded Archer Armor
24:34 Hand Cart
25:38 Town Watch
26:00 Loom
28:45 Town Patrol
37:43 Imperial Age
40:20 Chemistry
39:06 Arbalester
42:51 Bombard Tower
47:34 Conscription
51:39 Scale Mail Armor
52:59 Chain Mail Armor
52:54 Forging
53:55 Ballistics
53:32 Light Cavalry
55:02 Bloodlines
54:13 Hussar
55:48 Husbandry
56:27 Plate Mail Armor
56:35 Iron Casting
56:07 Scale Barding Armor
61:02 Blast Furnace
60:22 Chain Barding Armor
59:34 Pikeman
63:50 Elite Skirmisher
Connection lost

Rejoining the realm…

Still unreachable

The connection could not be restored.

Session expired

The server has moved on; the page needs a fresh start.